Blue Jackets vs Canucks

Created - March 9, 2020 at 19:07

Goals
1 2 3 T
Blue Jackets 1 3 0 4
Canucks 0 1 1 2
Shots
1 2 3 T
Blue Jackets 3 16 10 29
Canucks 10 12 5 27

1st period

1. Blue Jackets , Martin Havlat 25 (Mike Comrie 12, Derek Boogaard 28) at 9:31 (PP)

Penalties :
Nick Palmieri (Van) for Roughing (Minor) at 9:19

2nd period

2. Canucks , Andrei Kostitsyn 18 (Drew Fata 20) at 1:23
3. Blue Jackets , Derek Boogaard 19 (Mike Comrie 13) at 3:11
4. Blue Jackets , Max Pacioretty 15 (Andreas Nodl 8, Cam Fowler 23) at 7:46
5. Blue Jackets , Martin Havlat 26 (Derek Boogaard 29, Mike Comrie 14) at 10:52

Penalties :
No Penalty

3rd period

6. Canucks , Brandon Sutter 16 (Jason Zucker 15, Jordie Benn 8) at 6:01

Penalties :
Jordie Benn (Van) for Holding (Minor) at 3:11, Tyler Kennedy (Clb) for Roughing (Minor) at 7:33, Mike Lundin (Clb) for Hooking (Minor) at 12:17, Paul Ranger (Van) for Holding (Minor) at 14:06

Goalie Stats

Rick DiPietro (Clb), 25 saves from 27 shots - (0.926), W, 24-14-9, 60:00 minutes
Martin Jones (Van), 17 saves from 17 shots - (1.000), 29:08 minutes
Jacob Markstrom (Van), 8 saves from 12 shots - (0.667), L, 22-22-5, 30:52 minutes

Players Stats for Blue Jackets

Player Name              G  A  P  +/- PIM S  H  SB GA TA FO     MP     PP MP  PK MP  
------------------------------------------------------------------------------------
A.J Thelen               0  0  0   0  0   1  2  2  0  0  0/0    12:23   0:00   0:51 
Andreas Nodl             0  1  1   0  0   2  2  0  1  0  0/0    16:59   0:38   0:00 
Anthony Bitetto          0  0  0   0  0   0  0  1  0  0  0/0     5:36   0:00   0:06 
Artemi Panarin           0  0  0  -1  0   1  1  0  1  0  0/0    20:33   1:43   2:07 
Branislav Mezei          0  0  0  -1  0   1  0  0  1  0  0/0    20:07   1:46   1:55 
Cam Fowler               0  1  1  -1  0   1  0  1  0  1  0/0    20:07   1:46   1:55 
Cody Eakin               0  0  0   0  0   2  2  1  0  0  1/4    16:42   0:22   0:26 
Dalton Prout             0  0  0   0  0   0  2  1  0  1  0/0    11:57   0:15   0:00 
Derek Boogaard           1  2  3   2  0   5  3  1  0  2  4/8    23:30   1:48   1:55 
Eric Wellwood            0  0  0   0  0   0  0  0  0  0  0/0     6:32   0:00   0:58 
Martin Havlat            2  0  2   2  0   10 1  1  0  0  0/1    20:59   1:50   0:56 
Max Pacioretty           1  0  1   0  0   2  0  0  0  0  0/0    17:15   0:00   1:14 
Mike Comrie              0  3  3   2  0   2  1  1  0  0  12/19  19:44   1:50   0:00 
Mike Lundin              0  0  0   2  2   1  0  1  1  1  0/0    21:59   2:30   0:56 
Peter Mueller            0  0  0  -1  0   0  1  0  0  0  5/13   16:26   1:39   0:00 
Rob Scuderi              0  0  0   2  0   0  0  3  0  0  0/0    22:51   2:14   1:53 
Ryan Wilson              0  0  0   0  0   0  0  0  0  0  0/0     5:30   0:00   0:00 
Tyler Kennedy            0  0  0  -1  2   1  0  0  1  0  0/2    16:50   1:39   0:00 

Players Stats for Canucks

Player Name              G  A  P  +/- PIM S  H  SB GA TA FO     MP     PP MP  PK MP  
------------------------------------------------------------------------------------
Andrei Kostitsyn         1  0  1   0  0   4  2  1  0  0  0/0    18:57   2:19   0:44 
Andy Rogers              0  0  0   0  0   1  2  1  0  0  0/0    21:22   2:20   1:35 
Brad Boyes               0  0  0   0  0   6  2  1  1  1  0/1    16:59   2:19   0:00 
Brandon Saad             0  0  0   0  0   1  1  1  0  0  0/0     6:07   0:00   0:00 
Brandon Sutter           1  0  1   1  0   1  3  1  0  0  3/7    14:14   0:00   0:31 
Drew Fata                0  1  1  -1  0   1  3  1  0  1  0/0    24:54   1:28   2:25 
Jack Skille              0  0  0   0  0   0  0  0  0  0  0/1     2:38   0:00   0:09 
Jamie McBain             0  0  0  -1  0   1  4  0  1  0  0/0    24:54   1:28   2:25 
Jason Zucker             0  1  1   1  0   3  2  0  0  0  0/0    13:43   0:00   0:00 
Jeremy Morin             0  0  0   1  0   0  1  1  0  1  0/0    14:51   0:00   1:08 
Jesper Fast              0  0  0   0  0   0  0  0  0  0  0/0     6:07   0:00   0:00 
Jonathan Blum            0  0  0   0  0   0  1  0  0  1  0/0    13:44   0:00   0:00 
Jordie Benn              0  1  1   0  2   0  2  1  0  0  0/0    14:57   0:00   0:44 
Loui Eriksson            0  0  0  -2  0   3  2  2  2  0  0/2    20:03   1:29   1:02 
Marc Savard              0  0  0   0  0   1  1  0  0  0  6/8    18:25   2:19   1:26 
Nick Palmieri            0  0  0  -2  2   2  2  0  0  1  0/2    20:02   1:29   1:02 
Paul Ranger              0  0  0   0  2   0  0  1  0  0  0/0    20:37   2:19   0:51 
Robert Nilsson           0  0  0  -2  0   3  1  0  1  0  16/26  23:13   1:29   1:58 

3 Stars

1 - Derek Boogaard (Clb)
2 - Martin Havlat (Clb)
3 - Mike Comrie (Clb)

Power Play

Blue Jackets - 1 on 3 Attempt(s) - 33.33%
Canucks - 0 on 2 Attempt(s) - 0.00%

Penalty Kill

Blue Jackets - 2 on 2 Attempt(s) - 100.00% - Score 0 goal in Penalty Kill
Canucks - 2 on 3 Attempt(s) - 66.67% - Score 0 goal in Penalty Kill

Team Stat

Blue Jackets - Hits : 15 - Faceoff Wins : 22 - Blocked Shots : 13 - Penalty Minutes : 4
Canucks - Hits : 29 - Faceoff Wins : 25 - Blocked Shots : 11 - Penalty Minutes : 6

Official

Referees : Unknown
Linesman : Unknown

Game Notes

Martin Jones enters game at 10:52 of 2nd period

Finance

Level 1 -- Attendance: 5808 (96.80%) -- Ticket Income $482,064
Level 2 -- Attendance: 5000 (100.00%) -- Ticket Income $245,000
Level 3 -- Attendance: 2000 (100.00%) -- Ticket Income $68,000
Level 4 -- Attendance: 4000 (100.00%) -- Ticket Income $68,000
Luxury Box -- Attendance: 1000 (100.00%) -- Ticket Income $98,000
Game was played at the Budweiser Coliseum.
Total Attendance: 17808 (98.93%)
Total Ticket Income: $961,064
Other Income: $144,160
Total Income: $1,105,224

Blue Jackets

5 vs 5 Forward 
   Center                   Left Wing                Right Wing               Time % Phy DF OF 
 1 Mike Comrie              Derek Boogaard           Martin Havlat            40     1   2  2  
 2 Peter Mueller            Artemi Panarin           Tyler Kennedy            30     1   2  2  
 3 Cody Eakin               Max Pacioretty           Andreas Nodl             20     1   2  2  
 4 Derek Boogaard           Eric Wellwood            Artemi Panarin           10     1   2  2  

5 vs 5 Defense 
   Defense                  Defense                                           Time % Phy DF OF 
 1 Mike Lundin              Rob Scuderi                                       40     1   2  2  
 2 Cam Fowler               Branislav Mezei                                   30     1   2  2  
 3 Dalton Prout             A.J Thelen                                        20     1   2  2  
 4 Anthony Bitetto          Ryan Wilson                                       10     1   2  2  

PowerPlay Forward 
   Center                   Left Wing                Right Wing               Time % Phy DF OF 
 1 Mike Comrie              Derek Boogaard           Martin Havlat            60     1   2  2  
 2 Peter Mueller            Artemi Panarin           Tyler Kennedy            40     1   2  2  

PowerPlay Defense
   Defense                  Defense                                           Time % Phy DF OF 
 1 Mike Lundin              Rob Scuderi                                       60     1   2  2  
 2 Cam Fowler               Branislav Mezei                                   40     1   2  2  

Penalty Kill 4 Players Forward 
   Center                   Wing                     Time % Phy DF OF 
 1 Derek Boogaard           Artemi Panarin           60     1   2  2  
 2 Martin Havlat            Max Pacioretty           40     1   2  2  

Penalty Kill 4 Players Defense
   Defense                  Defense                  Time % Phy DF OF 
 1 Mike Lundin              Rob Scuderi              60     1   2  2  
 2 Cam Fowler               Branislav Mezei          40     1   2  2  

Penalty Kill - 3 Players Forward 
   Forward                                           Time % Phy DF OF 
 1 Derek Boogaard                                    60     1   2  2  
 2 Artemi Panarin                                    40     1   2  2  

Penalty Kill - 3 Players Defense
   Defense                  Defense                  Time % Phy DF OF 
 1 Mike Lundin              Rob Scuderi              60     1   2  2  
 2 Cam Fowler               Branislav Mezei          40     1   2  2  

4 vs 4 Forward 
   Center                   Wing                     Time % Phy DF OF 
 1 Derek Boogaard           Artemi Panarin           60     1   2  2  
 2 Martin Havlat            Max Pacioretty           40     1   2  2  

4 vs 4 Defense
   Defense                  Defense                  Time % Phy DF OF 
 1 Mike Lundin              Rob Scuderi              60     1   2  2  
 2 Cam Fowler               Branislav Mezei          40     1   2  2  

Last Minutes Offensive
   Center                   Left Wing                Right Wing               Defense                  Defense                  
   Mike Comrie              Derek Boogaard           Martin Havlat            Mike Lundin              Rob Scuderi              

Last Minutes Defensive
   Center                   Left Wing                Right Wing               Defense                  Defense                  
   Mike Comrie              Derek Boogaard           Martin Havlat            Mike Lundin              Rob Scuderi              

Goaltenders
Starting : Rick DiPietro            
Backup : Andrei Vasilevskiy       

Extra Forwards
Normal : Andreas Nodl, Cody Eakin, Eric Wellwood - PP : Andreas Nodl, Cody Eakin - PK : Eric Wellwood
Extra Defensemen
Normal : Dalton Prout, A.J Thelen, Anthony Bitetto - PP : Dalton Prout - PK : A.J Thelen, Anthony Bitetto
Penalty Shots
Derek Boogaard, Artemi Panarin, Martin Havlat, Max Pacioretty, Mike Comrie

Scratches
Devin Setoguchi (Left Ankle Injury), Pavel Datsyuk (Torn Left Knee Ligaments Injury)

Canucks

5 vs 5 Forward 
   Center                   Left Wing                Right Wing               Time % Phy DF OF 
 1 Robert Nilsson           Loui Eriksson            Nick Palmieri            40     1   2  2  
 2 Marc Savard              Andrei Kostitsyn         Brad Boyes               30     1   2  2  
 3 Brandon Sutter           Jason Zucker             Jeremy Morin             20     1   2  2  
 4 Robert Nilsson           Brandon Saad             Jesper Fast              10     1   2  2  

5 vs 5 Defense 
   Defense                  Defense                                           Time % Phy DF OF 
 1 Jamie McBain             Drew Fata                                         40     1   2  2  
 2 Andy Rogers              Paul Ranger                                       30     1   2  2  
 3 Jonathan Blum            Jordie Benn                                       20     1   2  2  
 4 Jamie McBain             Drew Fata                                         10     1   2  2  

PowerPlay Forward 
   Center                   Left Wing                Right Wing               Time % Phy DF OF 
 1 Robert Nilsson           Loui Eriksson            Nick Palmieri            60     1   2  2  
 2 Marc Savard              Andrei Kostitsyn         Brad Boyes               40     1   2  2  

PowerPlay Defense
   Defense                  Defense                                           Time % Phy DF OF 
 1 Jamie McBain             Drew Fata                                         60     1   2  2  
 2 Andy Rogers              Paul Ranger                                       40     1   2  2  

Penalty Kill 4 Players Forward 
   Center                   Wing                     Time % Phy DF OF 
 1 Robert Nilsson           Marc Savard              60     1   2  2  
 2 Loui Eriksson            Nick Palmieri            40     1   2  2  

Penalty Kill 4 Players Defense
   Defense                  Defense                  Time % Phy DF OF 
 1 Jamie McBain             Drew Fata                60     1   2  2  
 2 Andy Rogers              Paul Ranger              40     1   2  2  

Penalty Kill - 3 Players Forward 
   Forward                                           Time % Phy DF OF 
 1 Robert Nilsson                                    60     1   2  2  
 2 Marc Savard                                       40     1   2  2  

Penalty Kill - 3 Players Defense
   Defense                  Defense                  Time % Phy DF OF 
 1 Jamie McBain             Drew Fata                60     1   2  2  
 2 Andy Rogers              Paul Ranger              40     1   2  2  

4 vs 4 Forward 
   Center                   Wing                     Time % Phy DF OF 
 1 Robert Nilsson           Marc Savard              60     1   2  2  
 2 Loui Eriksson            Nick Palmieri            40     1   2  2  

4 vs 4 Defense
   Defense                  Defense                  Time % Phy DF OF 
 1 Jamie McBain             Drew Fata                60     1   2  2  
 2 Andy Rogers              Paul Ranger              40     1   2  2  

Last Minutes Offensive
   Center                   Left Wing                Right Wing               Defense                  Defense                  
   Robert Nilsson           Loui Eriksson            Nick Palmieri            Jamie McBain             Drew Fata                

Last Minutes Defensive
   Center                   Left Wing                Right Wing               Defense                  Defense                  
   Robert Nilsson           Loui Eriksson            Nick Palmieri            Jamie McBain             Drew Fata                

Goaltenders
Starting : Jacob Markstrom          
Backup : Martin Jones             

Extra Forwards
Normal : Jack Skille, Brandon Sutter, Jeremy Morin - PP : Jack Skille, Brandon Sutter - PK : Jeremy Morin
Extra Defensemen
Normal : Jonathan Blum, Jordie Benn, Andy Rogers - PP : Jonathan Blum - PK : Jordie Benn, Andy Rogers
Penalty Shots
Robert Nilsson, Marc Savard, Loui Eriksson, Nick Palmieri, Andrei Kostitsyn

Scratches
Kurtis Foster (Bruised Left Shoulder Injury), Colton Gillies (Healthy), Tyler Cuma (Fractured Bone in Right Hand Injury)

% Time on Ice - Blue Jackets

Lines # - Real PCT - Wanted PCT - Time Play
Normal Forward
1 - 35% - 40% - 18:18
2 - 28% - 30% - 14:47
3 - 31% - 20% - 15:53
4 - 6% - 10% - 3:04
Normal Defense
1 - 36% - 40% - 18:34
2 - 32% - 30% - 16:26
3 - 22% - 20% - 11:32
4 - 11% - 10% - 5:30
PP Forward
1 - 59% - 60% - 2:21
2 - 41% - 40% - 1:39
PP Defense
1 - 56% - 60% - 2:14
2 - 44% - 40% - 1:46
PK Forward
1 - 75% - 60% - 2:52
2 - 25% - 40% - 0:56
PK Defense
1 - 50% - 60% - 1:53
2 - 50% - 40% - 1:55
PK3 Forward
1 - 0% - 60%
2 - 0% - 40%
PK3 Defense
1 - 0% - 60%
2 - 0% - 40%
44 Forward
1 - 100% - 60% - 0:10
2 - 0% - 40% - 0:00
44 Defense
1 - 100% - 60% - 0:10
2 - 0% - 40% - 0:00
Last Minute Offensive  - 0:00
Last Minute Defensive  - 0:00
Total
Forward - 60:00
Defense - 60:00

% Time on Ice - Canucks

Lines # - Real PCT - Wanted PCT - Time Play
Normal Forward
1 - 30% - 40% - 15:48
2 - 32% - 30% - 16:24
3 - 26% - 20% - 13:43
4 - 12% - 10% - 6:07
Normal Defense
1 - 35% - 40% - 18:05
2 - 34% - 30% - 17:27
3 - 26% - 20% - 13:44
4 - 5% - 10% - 2:46
PP Forward
1 - 39% - 60% - 1:29
2 - 61% - 40% - 2:19
PP Defense
1 - 39% - 60% - 1:28
2 - 61% - 40% - 2:20
PK Forward
1 - 74% - 60% - 2:58
2 - 26% - 40% - 1:02
PK Defense
1 - 62% - 60% - 2:29
2 - 38% - 40% - 1:31
PK3 Forward
1 - 0% - 60%
2 - 0% - 40%
PK3 Defense
1 - 0% - 60%
2 - 0% - 40%
44 Forward
1 - 100% - 60% - 0:10
2 - 0% - 40% - 0:00
44 Defense
1 - 100% - 60% - 0:10
2 - 0% - 40% - 0:00
Last Minute Offensive  - 0:00
Last Minute Defensive  - 0:00
Total
Forward - 60:00
Defense - 60:00

Play-by-Play

1st period


0:01 of 1st period - Robert Nilsson wins face-off versus Mike Comrie in neutral zone.
0:06 of 1st period - Backhand shot by Loui Eriksson.
0:06 of 1st period - Shot Blocked by Mike Lundin.
0:34 of 1st period - Snap shot by Tyler Kennedy.
0:34 of 1st period - Shot Blocked by Brad Boyes.
1:08 of 1st period - Martin Havlat is hit by Brandon Saad and loses puck.
1:15 of 1st period - Wrist shot by Jesper Fast.
1:15 of 1st period - Shot Blocked by Martin Havlat.
1:53 of 1st period - Snap shot by Jason Zucker.
1:53 of 1st period - Stopped by Rick DiPietro with a rebound.
1:55 of 1st period - Wrist shot by Jeremy Morin.
1:55 of 1st period - Shot Misses the Net.
1:57 of 1st period - Slapshot by Jordie Benn.
1:57 of 1st period - Shot Misses the Net.
2:09 of 1st period - Jordie Benn is hit by Derek Boogaard and loses puck.
3:13 of 1st period - Wrist shot by Jason Zucker.
3:13 of 1st period - Shot Blocked by Rob Scuderi.
3:43 of 1st period - Eric Wellwood is hit by Jamie McBain.
3:59 of 1st period - Backhand shot by Jason Zucker.
3:59 of 1st period - Shot Misses the Net.
4:17 of 1st period - Snap shot by Loui Eriksson.
4:17 of 1st period - Stopped by Rick DiPietro with a rebound.
5:37 of 1st period - Icing by Mike Comrie.
5:38 of 1st period - Mike Comrie wins face-off versus Jack Skille in Blue Jackets zone.
6:02 of 1st period - Tyler Kennedy is hit by Andrei Kostitsyn and loses puck.
6:15 of 1st period - Mike Comrie is hit by Brandon Sutter and loses puck.
7:12 of 1st period - Snap shot by Cody Eakin.
7:12 of 1st period - Shot Misses the Net.
7:18 of 1st period - Andreas Nodl is hit by Jamie McBain and loses puck.
7:41 of 1st period - Peter Mueller is hit by Marc Savard and loses puck.
8:17 of 1st period - Off-side.
8:18 of 1st period - Brandon Sutter wins face-off versus Cody Eakin in neutral zone.
8:25 of 1st period - Snap shot by Jason Zucker.
8:25 of 1st period - Stopped by Rick DiPietro with a rebound.
9:05 of 1st period - Loui Eriksson is hit by Derek Boogaard.
9:19 of 1st period - Minor Penalty to Nick Palmieri for Roughing.
9:20 of 1st period - Mike Comrie wins face-off versus Robert Nilsson in Canucks zone.
9:31 of 1st period - Snap shot by Martin Havlat.
9:31 of 1st period - Goal by Martin Havlat - Blue Jackets : 1 - Canucks : 0.
9:32 of 1st period - Derek Boogaard wins face-off versus Robert Nilsson in neutral zone.
9:37 of 1st period - Slapshot by Derek Boogaard.
9:37 of 1st period - Stopped by Jacob Markstrom without a rebound.
9:38 of 1st period - Robert Nilsson wins face-off versus Mike Comrie in Canucks zone.
9:46 of 1st period - Snap shot by Nick Palmieri.
9:46 of 1st period - Shot Hit the Post.
9:48 of 1st period - Slapshot by Jamie McBain.
9:48 of 1st period - Stopped by Rick DiPietro with a rebound.
9:54 of 1st period - Wrist shot by Robert Nilsson.
9:54 of 1st period - Stopped by Rick DiPietro with a rebound.
10:04 of 1st period - Derek Boogaard is hit by Jason Zucker and loses puck.
10:11 of 1st period - Wrist shot by Derek Boogaard.
10:11 of 1st period - Shot Blocked by Drew Fata.
10:13 of 1st period - Slapshot by A.J Thelen.
10:13 of 1st period - Deflect By Martin Havlat.
10:13 of 1st period - Stopped by Jacob Markstrom without a rebound.
10:14 of 1st period - Robert Nilsson wins face-off versus Peter Mueller in Canucks zone.
10:21 of 1st period - Snap shot by Robert Nilsson.
10:21 of 1st period - Deflect By Loui Eriksson.
10:21 of 1st period - Shot Misses the Net.
10:21 of 1st period - Puck is out of play.
10:22 of 1st period - Robert Nilsson wins face-off versus Peter Mueller in Blue Jackets zone.
10:49 of 1st period - Snap shot by Robert Nilsson.
10:49 of 1st period - Shot Misses the Net.
10:51 of 1st period - Wrist shot by Loui Eriksson.
10:51 of 1st period - Shot Misses the Net.
10:53 of 1st period - Slapshot by Robert Nilsson.
10:53 of 1st period - Stopped by Rick DiPietro with a rebound.
11:05 of 1st period - Wrist shot by Loui Eriksson.
11:05 of 1st period - Stopped by Rick DiPietro with a rebound.
11:11 of 1st period - Snap shot by Robert Nilsson.
11:11 of 1st period - Stopped by Rick DiPietro with a rebound.
11:37 of 1st period - Snap shot by Andrei Kostitsyn.
11:37 of 1st period - Stopped by Rick DiPietro with a rebound.
12:18 of 1st period - Dalton Prout is hit by Drew Fata and loses puck.
14:12 of 1st period - Slapshot by Jamie McBain.
14:12 of 1st period - Shot Misses the Net.
14:37 of 1st period - Robert Nilsson is hit by Andreas Nodl and loses puck.
16:07 of 1st period - Cody Eakin is hit by Drew Fata and loses puck.
16:34 of 1st period - Branislav Mezei is hit by Jordie Benn and loses puck.
16:57 of 1st period - Eric Wellwood is hit by Brad Boyes and loses puck.
17:32 of 1st period - Andreas Nodl is hit by Loui Eriksson and loses puck.
19:02 of 1st period - Icing by Jamie McBain.
19:03 of 1st period - Mike Comrie wins face-off versus Brandon Sutter in Canucks zone.
19:04 of 1st period - Backhand shot by Derek Boogaard.
19:04 of 1st period - Shot Blocked by Jeremy Morin.
19:26 of 1st period - Andrei Kostitsyn is hit by Peter Mueller and loses puck.
19:42 of 1st period - Snap shot by Robert Nilsson.
19:42 of 1st period - Deflect By Nick Palmieri.
19:42 of 1st period - Stopped by Rick DiPietro without a rebound.
19:43 of 1st period - Mike Comrie wins face-off versus Marc Savard in Blue Jackets zone.
Goals for this period are 1 for Blue Jackets vs 0 for Canucks.
Shots for this period are 3 for Blue Jackets vs 10 for Canucks.

2nd period


0:01 of 2nd period - Mike Comrie wins face-off versus Robert Nilsson in neutral zone.
0:04 of 2nd period - Backhand shot by Mike Lundin.
0:04 of 2nd period - Stopped by Jacob Markstrom without a rebound.
0:05 of 2nd period - Robert Nilsson wins face-off versus Mike Comrie in Canucks zone.
0:40 of 2nd period - Wrist shot by Mike Comrie.
0:40 of 2nd period - Shot Misses the Net.
0:42 of 2nd period - Wrist shot by Mike Comrie.
0:42 of 2nd period - Shot Misses the Net.
0:46 of 2nd period - Wrist shot by Derek Boogaard.
0:46 of 2nd period - Stopped by Jacob Markstrom with a rebound.
0:48 of 2nd period - Wrist shot by Martin Havlat.
0:48 of 2nd period - Stopped by Jacob Markstrom without a rebound.
0:49 of 2nd period - Marc Savard wins face-off versus Tyler Kennedy in Canucks zone.
0:55 of 2nd period - Wrist shot by Andrei Kostitsyn.
0:55 of 2nd period - Shot Misses the Net.
0:57 of 2nd period - Slapshot by Andrei Kostitsyn.
0:57 of 2nd period - Shot Blocked by Cam Fowler.
0:59 of 2nd period - Slapshot by Brad Boyes.
0:59 of 2nd period - Stopped by Rick DiPietro with a rebound.
1:01 of 2nd period - Wrist shot by Jordie Benn.
1:01 of 2nd period - Shot Misses the Net.
1:03 of 2nd period - Wrist shot by Jordie Benn.
1:03 of 2nd period - Deflect By Andrei Kostitsyn.
1:03 of 2nd period - Stopped by Rick DiPietro without a rebound.
1:04 of 2nd period - Marc Savard wins face-off versus Peter Mueller in Blue Jackets zone.
1:11 of 2nd period - Snap shot by Marc Savard.
1:11 of 2nd period - Stopped by Rick DiPietro without a rebound.
1:12 of 2nd period - Marc Savard wins face-off versus Peter Mueller in Blue Jackets zone.
1:23 of 2nd period - Snap shot by Andrei Kostitsyn.
1:23 of 2nd period - Goal by Andrei Kostitsyn - Blue Jackets : 1 - Canucks : 1.
1:24 of 2nd period - Robert Nilsson wins face-off versus Martin Havlat in neutral zone.
2:20 of 2nd period - Andreas Nodl is hit by Andy Rogers and loses puck.
3:05 of 2nd period - Wrist shot by Derek Boogaard.
3:05 of 2nd period - Stopped by Jacob Markstrom without a rebound.
3:06 of 2nd period - Mike Comrie wins face-off versus Robert Nilsson in Canucks zone.
3:11 of 2nd period - Snap shot by Derek Boogaard.
3:11 of 2nd period - Goal by Derek Boogaard - Blue Jackets : 2 - Canucks : 1.
3:12 of 2nd period - Mike Comrie wins face-off versus Robert Nilsson in neutral zone.
4:04 of 2nd period - Branislav Mezei is hit by Jason Zucker and loses puck.
4:19 of 2nd period - Slapshot by Robert Nilsson.
4:19 of 2nd period - Shot Blocked by A.J Thelen.
4:21 of 2nd period - Slapshot by Jonathan Blum.
4:21 of 2nd period - Shot Blocked by Derek Boogaard.
4:23 of 2nd period - Snap shot by Jordie Benn.
4:23 of 2nd period - Shot Blocked by A.J Thelen.
4:25 of 2nd period - Snap shot by Robert Nilsson.
4:25 of 2nd period - Shot Blocked by Mike Comrie.
4:55 of 2nd period - Cody Eakin is hit by Drew Fata and loses puck.
6:20 of 2nd period - Icing by Tyler Kennedy.
6:21 of 2nd period - Peter Mueller wins face-off versus Brandon Sutter in Blue Jackets zone.
6:45 of 2nd period - Snap shot by Derek Boogaard.
6:45 of 2nd period - Shot Blocked by Loui Eriksson.
7:06 of 2nd period - Slapshot by Brad Boyes.
7:06 of 2nd period - Stopped by Rick DiPietro with a rebound.
7:30 of 2nd period - Wrist shot by Brad Boyes.
7:30 of 2nd period - Stopped by Rick DiPietro with a rebound.
7:42 of 2nd period - Wrist shot by Max Pacioretty.
7:42 of 2nd period - Stopped by Jacob Markstrom with a rebound.
7:44 of 2nd period - Snap shot by Max Pacioretty.
7:44 of 2nd period - Shot Blocked by Jordie Benn.
7:46 of 2nd period - Snap shot by Max Pacioretty.
7:46 of 2nd period - Goal by Max Pacioretty - Blue Jackets : 3 - Canucks : 1.
7:47 of 2nd period - Robert Nilsson wins face-off versus Mike Comrie in neutral zone.
7:50 of 2nd period - Slapshot by Jamie McBain.
7:50 of 2nd period - Shot Blocked by Rob Scuderi.
8:40 of 2nd period - Wrist shot by Jesper Fast.
8:40 of 2nd period - Shot Misses the Net.
8:54 of 2nd period - Andy Rogers is hit by A.J Thelen and loses puck.
9:13 of 2nd period - Robert Nilsson is hit by Martin Havlat and loses puck.
9:25 of 2nd period - Icing by Cam Fowler.
9:26 of 2nd period - Brandon Sutter wins face-off versus Peter Mueller in Blue Jackets zone.
9:49 of 2nd period - Jordie Benn is hit by Cody Eakin and loses puck.
10:09 of 2nd period - Snap shot by Mike Comrie.
10:09 of 2nd period - Stopped by Jacob Markstrom without a rebound.
10:10 of 2nd period - Robert Nilsson wins face-off versus Mike Comrie in Canucks zone.
10:32 of 2nd period - Wrist shot by Derek Boogaard.
10:32 of 2nd period - Shot Misses the Net.
10:34 of 2nd period - Wrist shot by Mike Comrie.
10:34 of 2nd period - Shot Misses the Net.
10:50 of 2nd period - Snap shot by Martin Havlat.
10:50 of 2nd period - Shot Misses the Net.
10:52 of 2nd period - Wrist shot by Derek Boogaard.
10:52 of 2nd period - Deflect By Martin Havlat.
10:52 of 2nd period - Goal by Martin Havlat - Blue Jackets : 4 - Canucks : 1.
10:52 of 2nd period - Martin Jones enters game.
10:53 of 2nd period - Marc Savard wins face-off versus Tyler Kennedy in neutral zone.
10:58 of 2nd period - Backhand shot by Brad Boyes.
10:58 of 2nd period - Stopped by Rick DiPietro with a rebound.
11:06 of 2nd period - Slapshot by Brad Boyes.
11:06 of 2nd period - Stopped by Rick DiPietro without a rebound.
11:07 of 2nd period - Derek Boogaard wins face-off versus Robert Nilsson in Blue Jackets zone.
11:18 of 2nd period - Wrist shot by Martin Havlat.
11:18 of 2nd period - Stopped by Martin Jones without a rebound.
11:19 of 2nd period - Mike Comrie wins face-off versus Nick Palmieri in Canucks zone.
11:22 of 2nd period - Wrist shot by Mike Comrie.
11:22 of 2nd period - Shot Misses the Net.
11:30 of 2nd period - Martin Havlat is hit by Jamie McBain and loses puck.
12:12 of 2nd period - Andrei Kostitsyn is hit by A.J Thelen and loses puck.
12:19 of 2nd period - Slapshot by Artemi Panarin.
12:19 of 2nd period - Shot Misses the Net.
12:38 of 2nd period - Slapshot by Max Pacioretty.
12:38 of 2nd period - Shot Blocked by Andy Rogers.
13:19 of 2nd period - Jesper Fast is hit by Andreas Nodl and loses puck.
13:56 of 2nd period - Snap shot by Brad Boyes.
13:56 of 2nd period - Stopped by Rick DiPietro with a rebound.
14:22 of 2nd period - Wrist shot by Andrei Kostitsyn.
14:22 of 2nd period - Stopped by Rick DiPietro with a rebound.
14:30 of 2nd period - Andrei Kostitsyn is hit by Mike Comrie.
15:52 of 2nd period - Snap shot by Marc Savard.
15:52 of 2nd period - Shot Misses the Net.
16:04 of 2nd period - Peter Mueller is hit by Nick Palmieri and loses puck.
16:27 of 2nd period - Icing by A.J Thelen.
16:28 of 2nd period - Marc Savard wins face-off versus Derek Boogaard in Blue Jackets zone.
16:40 of 2nd period - Derek Boogaard is hit by Jonathan Blum and loses puck.
16:55 of 2nd period - Wrist shot by Andreas Nodl.
16:55 of 2nd period - Shot Blocked by Brandon Sutter.
16:57 of 2nd period - Snap shot by Andreas Nodl.
16:57 of 2nd period - Stopped by Martin Jones with a rebound.
16:59 of 2nd period - Snap shot by Branislav Mezei.
16:59 of 2nd period - Stopped by Martin Jones with a rebound.
17:33 of 2nd period - Snap shot by Cam Fowler.
17:33 of 2nd period - Stopped by Martin Jones without a rebound.
17:34 of 2nd period - Peter Mueller wins face-off versus Marc Savard in Canucks zone.
17:57 of 2nd period - Andreas Nodl is hit by Nick Palmieri and loses puck.
18:02 of 2nd period - Snap shot by Loui Eriksson.
18:02 of 2nd period - Stopped by Rick DiPietro without a rebound.
18:03 of 2nd period - Robert Nilsson wins face-off versus Cody Eakin in Blue Jackets zone.
19:17 of 2nd period - Wrist shot by Artemi Panarin.
19:17 of 2nd period - Stopped by Martin Jones without a rebound.
19:18 of 2nd period - Robert Nilsson wins face-off versus Derek Boogaard in Canucks zone.
19:33 of 2nd period - Slapshot by Brandon Saad.
19:33 of 2nd period - Stopped by Rick DiPietro with a rebound.
19:50 of 2nd period - Slapshot by Andreas Nodl.
19:50 of 2nd period - Shot Misses the Net.
19:52 of 2nd period - Snap shot by Cody Eakin.
19:52 of 2nd period - Stopped by Martin Jones with a rebound.
19:54 of 2nd period - Wrist shot by Max Pacioretty.
19:54 of 2nd period - Deflect By Andreas Nodl.
19:54 of 2nd period - Stopped by Martin Jones without a rebound.
19:55 of 2nd period - Mike Comrie wins face-off versus Loui Eriksson in Canucks zone.
Goals for this period are 3 for Blue Jackets vs 1 for Canucks.
Shots for this period are 16 for Blue Jackets vs 12 for Canucks.

3rd period


0:01 of 3rd period - Derek Boogaard wins face-off versus Robert Nilsson in neutral zone.
0:09 of 3rd period - Slapshot by Martin Havlat.
0:09 of 3rd period - Stopped by Martin Jones without a rebound.
0:10 of 3rd period - Mike Comrie wins face-off versus Robert Nilsson in Canucks zone.
0:27 of 3rd period - Robert Nilsson is hit by Derek Boogaard and loses puck.
1:32 of 3rd period - Mike Comrie is hit by Robert Nilsson and loses puck.
1:41 of 3rd period - Slapshot by Mike Lundin.
1:41 of 3rd period - Deflect By Derek Boogaard.
1:41 of 3rd period - Stopped by Martin Jones with a rebound.
2:05 of 3rd period - Snap shot by Nick Palmieri.
2:05 of 3rd period - Stopped by Rick DiPietro without a rebound.
2:06 of 3rd period - Peter Mueller wins face-off versus Brad Boyes in Blue Jackets zone.
2:17 of 3rd period - Snap shot by Brad Boyes.
2:17 of 3rd period - Deflect By Andrei Kostitsyn.
2:17 of 3rd period - Shot Blocked by Dalton Prout.
2:17 of 3rd period - Puck is out of play.
2:18 of 3rd period - Marc Savard wins face-off versus Peter Mueller in Blue Jackets zone.
2:32 of 3rd period - Snap shot by Andrei Kostitsyn.
2:32 of 3rd period - Deflect By Brad Boyes.
2:32 of 3rd period - Shot Misses the Net.
2:32 of 3rd period - Puck is out of play.
2:33 of 3rd period - Brandon Sutter wins face-off versus Peter Mueller in Blue Jackets zone.
3:02 of 3rd period - Snap shot by Andreas Nodl.
3:02 of 3rd period - Shot Blocked by Paul Ranger.
3:06 of 3rd period - Snap shot by Cody Eakin.
3:06 of 3rd period - Stopped by Martin Jones with a rebound.
3:08 of 3rd period - Slapshot by A.J Thelen.
3:08 of 3rd period - Stopped by Martin Jones without a rebound.
3:09 of 3rd period - Peter Mueller wins face-off versus Brandon Sutter in Canucks zone.
3:11 of 3rd period - Minor Penalty to Jordie Benn for Holding.
3:12 of 3rd period - Robert Nilsson wins face-off versus Peter Mueller in Canucks zone.
5:11 of 3rd period - Penalty to Jordie Benn is over, Jordie Benn is back on ice.
5:29 of 3rd period - Snap shot by Jason Zucker.
5:29 of 3rd period - Deflect By Max Pacioretty.
5:29 of 3rd period - Stopped by Rick DiPietro without a rebound.
5:30 of 3rd period - Cody Eakin wins face-off versus Loui Eriksson in Blue Jackets zone.
5:35 of 3rd period - Slapshot by A.J Thelen.
5:35 of 3rd period - Deflect By Andreas Nodl.
5:35 of 3rd period - Shot Blocked by Loui Eriksson.
5:35 of 3rd period - Puck is out of play.
5:36 of 3rd period - Robert Nilsson wins face-off versus Cody Eakin in Canucks zone.
6:01 of 3rd period - Snap shot by Brandon Sutter.
6:01 of 3rd period - Goal by Brandon Sutter - Blue Jackets : 4 - Canucks : 2.
6:02 of 3rd period - Robert Nilsson wins face-off versus Mike Comrie in neutral zone.
6:47 of 3rd period - Cam Fowler is hit by Andy Rogers and loses puck.
6:54 of 3rd period - Snap shot by Andreas Nodl.
6:54 of 3rd period - Deflect By Paul Ranger.
6:54 of 3rd period - Shot Hit the Post.
6:54 of 3rd period - Puck is out of play.
6:55 of 3rd period - Mike Comrie wins face-off versus Robert Nilsson in Canucks zone.
6:58 of 3rd period - Wrist shot by Martin Havlat.
6:58 of 3rd period - Stopped by Martin Jones without a rebound.
6:59 of 3rd period - Robert Nilsson wins face-off versus Mike Comrie in Canucks zone.
7:04 of 3rd period - Martin Havlat is hit by Loui Eriksson and loses puck.
7:30 of 3rd period - Paul Ranger is hit by Dalton Prout and loses puck.
7:33 of 3rd period - Minor Penalty to Tyler Kennedy for Roughing.
7:34 of 3rd period - Robert Nilsson wins face-off versus Derek Boogaard in Blue Jackets zone.
7:49 of 3rd period - Slapshot by Loui Eriksson.
7:49 of 3rd period - Shot Blocked by Rob Scuderi.
7:51 of 3rd period - Slapshot by Drew Fata.
7:51 of 3rd period - Stopped by Rick DiPietro with a rebound.
8:13 of 3rd period - Derek Boogaard is hit by Andrei Kostitsyn and loses puck.
9:33 of 3rd period - Penalty to Tyler Kennedy is over, Tyler Kennedy is back on ice.
9:43 of 3rd period - Derek Boogaard is hit by Brandon Sutter and loses puck.
10:02 of 3rd period - Andreas Nodl is hit by Jordie Benn.
10:29 of 3rd period - Snap shot by Martin Havlat.
10:29 of 3rd period - Stopped by Martin Jones with a rebound.
10:33 of 3rd period - Snap shot by Martin Havlat.
10:33 of 3rd period - Stopped by Martin Jones with a rebound.
10:43 of 3rd period - Rob Scuderi is hit by Brandon Sutter and loses puck.
11:05 of 3rd period - Icing by Drew Fata.
11:06 of 3rd period - Peter Mueller wins face-off versus Brandon Sutter in Canucks zone.
11:19 of 3rd period - Brandon Sutter is hit by Dalton Prout and loses puck.
11:40 of 3rd period - Slapshot by Andy Rogers.
11:40 of 3rd period - Shot Misses the Net.
11:42 of 3rd period - Snap shot by Andy Rogers.
11:42 of 3rd period - Stopped by Rick DiPietro with a rebound.
12:17 of 3rd period - Minor Penalty to Mike Lundin for Hooking.
12:18 of 3rd period - Derek Boogaard wins face-off versus Nick Palmieri in Blue Jackets zone.
13:04 of 3rd period - Paul Ranger is hit by Artemi Panarin and loses puck.
14:06 of 3rd period - Minor Penalty to Paul Ranger for Holding.
14:07 of 3rd period - Robert Nilsson wins face-off versus Derek Boogaard in Canucks zone.
14:17 of 3rd period - Penalty to Mike Lundin is over, Mike Lundin is back on ice.
15:03 of 3rd period - Martin Havlat is hit by Jamie McBain and loses puck.
15:22 of 3rd period - Snap shot by Tyler Kennedy.
15:22 of 3rd period - Stopped by Martin Jones with a rebound.
16:06 of 3rd period - Penalty to Paul Ranger is over, Paul Ranger is back on ice.
16:40 of 3rd period - Slapshot by Peter Mueller.
16:40 of 3rd period - Shot Misses the Net.
17:42 of 3rd period - Slapshot by Artemi Panarin.
17:42 of 3rd period - Deflect By Paul Ranger.
17:42 of 3rd period - Shot Misses the Net.
17:42 of 3rd period - Puck is out of play.
17:43 of 3rd period - Mike Comrie wins face-off versus Robert Nilsson in Canucks zone.
17:46 of 3rd period - Wrist shot by Martin Havlat.
17:46 of 3rd period - Deflect By Mike Comrie.
17:46 of 3rd period - Stopped by Martin Jones with a rebound.
17:48 of 3rd period - Backhand shot by Derek Boogaard.
17:48 of 3rd period - Deflect By Martin Havlat.
17:48 of 3rd period - Stopped by Martin Jones with a rebound.
17:50 of 3rd period - Slapshot by Mike Lundin.
17:50 of 3rd period - Shot Misses the Net.
17:52 of 3rd period - Wrist shot by Rob Scuderi.
17:52 of 3rd period - Shot Misses the Net.
17:54 of 3rd period - Wrist shot by Martin Havlat.
17:54 of 3rd period - Shot Blocked by Brandon Saad.
18:14 of 3rd period - Rob Scuderi is hit by Brad Boyes and loses puck.
18:44 of 3rd period - Max Pacioretty is hit by Jeremy Morin and loses puck.
18:49 of 3rd period - Slapshot by Jason Zucker.
18:49 of 3rd period - Shot Blocked by Anthony Bitetto.
18:55 of 3rd period - Jeremy Morin is hit by Cody Eakin and loses puck.
19:18 of 3rd period - Wrist shot by Jason Zucker.
19:18 of 3rd period - Shot Blocked by Cody Eakin.
19:38 of 3rd period - Snap shot by Andreas Nodl.
19:38 of 3rd period - Shot Blocked by Andrei Kostitsyn.
Goals for this period are 0 for Blue Jackets vs 1 for Canucks.
Shots for this period are 10 for Blue Jackets vs 5 for Canucks.